[Event "44th Chess Olympiad Women 2022"]
[Site "Chennai"]
[Date "2022.08.02"]
[Round "5.30"]
[White "Sara Masood Abdullah"]
[Black "Guillen Cristobal, Sandra N"]
[Result "0-1"]
[ECO "B38"]
[WhiteElo "1677"]
[BlackElo "1962"]
[Annotator "TA"]
[PlyCount "80"]
[EventDate "2022.07.29"]
[EventType "team-tourn"]
[EventCountry "IND"]
[SourceTitle "playchess.com"]
[Source "ChessBase"]
[SourceQuality "1"]
[WhiteTeam "Iraq"]
[BlackTeam "Mexico"]
[WhiteTeamCountry "IRQ"]
[BlackTeamCountry "MEX"]
[TimeControl "40/5400+30:1800+30"]

1. e4 c5 2. Nf3 Nc6 3. d4 cxd4 4. Nxd4 g6 5. c4 Bg7 6. Be3 Nf6 7. Nc3 d6 8. Be2 Bd7 9. O-O O-O 10. h3 Nxd4 11. Bxd4 Bc6 12. Bf3 {[%emt 0:07:23] B38: Sicilian: Maroczy Bind with 5...Bg7 and 7...0-0.} a5 13. Nd5 Bxd5 (13... Nd7 {feels hotter.} 14. Bxg7 Kxg7 15. Qd2 a4) 14. cxd5 {[%emt 0:00:52] [#] White is slightly better.} a4 $146 ({Predecessor:} 14... Nd7 15. Bxg7 Kxg7 16. Qd4+ f6 17. Be2 Nc5 18. b3 Qd7 19. Rac1 b5 20. f4 b4 {0-1 (48) Balan,B (2067)-Bargan,S (2250) Arad 2021}) 15. Rc1 Nd7 16. Be2 Qa5 17. Bxg7 Kxg7 18. Qd4+ Kg8 19. Rc3 Rfc8 20. Rfc1 Rxc3 21. Rxc3 Nc5 22. h4 b5 23. h5 b4 24. Rh3 (24. Re3 $11) 24... b3 $15 25. hxg6 fxg6 26. axb3 (26. a3 $1 $15) 26... Qe1+ $19 27. Bf1 axb3 28. Re3 (28. Qc4 {was worth a try.} Nxe4 29. Qe2 Qxe2 30. Bxe2) 28... Qb1 $2 (28... Qc1 $1 $19 {aiming for ...Ra1.} 29. f4 Ra4) 29. e5 $1 $11 Ra1 30. Qc4 Qxb2 31. exd6 exd6 {[%emt 0:02:11] And now ...Ra8 would win.} 32. Qf4 {[%emt 0:03:56] White threatens Re8+ and mate.} Ra8 {[%emt 0:21:18] Against Re8+. Hoping for ...Rf8.} ({Don't play} 32... Rxf1+ 33. Kxf1 Qb1+ 34. Ke2 Qa2+ 35. Kf3 $16) 33. Re2 $2 {[%emt 0:05:12][%mdl 8192] [#]} (33. Qxd6 $11 Qd4 34. Re2) 33... Qc3 $2 ({Weaker is} 33... Qg7 34. Qxd6 Qd4 35. Qb6 $11) ({Black should try} 33... Qxe2 $1 $19 34. Bxe2 b2) 34. Re7 {[%emt 0:01:01] Threatening mate with Qf7+.} Rf8 $36 {[%emt 0:05:57][%mdl 2048] Inhibits Qf7+. Black has good play.} 35. Qh6 Qh8 {[%emt 0:00:35] ...b2 is the strong threat.} 36. Bb5 $2 (36. Bc4 $11) 36... b2 $19 37. Re1 Qd4 38. Qe3 Qxe3 39. fxe3 Rb8 (39... Ra8 $142 40. Rf1 Ra1 41. Ba4 Rxf1+ 42. Kxf1 b1=Q+ 43. Ke2 Nxa4 44. g4 Qb2+ 45. Kf3 Nc3 46. Kg3 Qe2 47. g5 Nxd5 48. e4 Ne3 49. Kh3 Qg4+ 50. Kh2 Qg2#) 40. Rb1 Rxb5 {[%emt 0:00:06] Weighted Error Value: White=0.99/Black=0.67} 0-1

[Event "44th Chess Olympiad Women 2022"]
[Site "Chennai"]
[Date "2022.08.02"]
[Round "5.30"]
[White "Al-Fayyadh, Yamama Asif Abdula"]
[Black "Hernandez Diaz, Paula Sofia"]
[Result "0-1"]
[ECO "A04"]
[WhiteElo "1666"]
[BlackElo "1751"]
[Annotator "NA RC COMBH"]
[PlyCount "76"]
[EventDate "2022.07.29"]
[EventType "team-tourn"]
[EventCountry "IND"]
[SourceTitle "playchess.com"]
[Source "ChessBase"]
[SourceQuality "1"]
[WhiteTeam "Iraq"]
[BlackTeam "Mexico"]
[WhiteTeamCountry "IRQ"]
[BlackTeamCountry "MEX"]
[TimeControl "40/5400+30:1800+30"]

1. e4 c5 2. Nf3 g6 3. d3 Bg7 4. g3 e5 5. Bg2 Ne7 6. O-O O-O 7. Nbd2 Nbc6 8. Re1 d6 9. c3 Rb8 10. Nf1 b5 11. h4 h6 12. h5 g5 13. N3h2 f5 14. exf5 Bxf5 15. Ne3 Be6 16. Nc2 d5 17. d4 cxd4 18. cxd4 e4 19. f4 gxf4 20. Bxf4 Rc8 21. Qd2 Nf5 22. g4 Ncxd4 23. Nxd4 Nxd4 24. Rad1 Qf6 25. Bxh6 Bxh6 26. Qxd4 Qxd4+ 27. Rxd4 Rc2 28. Nf1 Rff2 29. Bh3 Bg5 30. Ne3 Rxb2 31. Nd1 Rfd2 32. Rxd2 Rxd2 33. Nc3 Rd3 34. Nxe4 dxe4 35. Rxe4 Kf7 36. Bf1 Rd1 37. Kf2 Bh4+ 38. Kg2 Bd5 0-1

[Event "44th Chess Olympiad Women 2022"]
[Site "Chennai"]
[Date "2022.08.02"]
[Round "5.31"]
[White "Khalil, Manar"]
[Black "Fang, Kun"]
[Result "1-0"]
[ECO "C56"]
[WhiteElo "1831"]
[BlackElo "1766"]
[Annotator "NA RC COMBH"]
[PlyCount "77"]
[EventDate "2022.07.29"]
[EventType "team-tourn"]
[EventCountry "IND"]
[SourceTitle "playchess.com"]
[Source "ChessBase"]
[SourceQuality "1"]
[WhiteTeam "Syria"]
[BlackTeam "SGP"]
[WhiteTeamCountry "SYR"]
[TimeControl "40/5400+30:1800+30"]

1. e4 e5 2. Nf3 Nc6 3. d4 exd4 4. Bc4 Nf6 5. e5 d5 6. Bb5 Ne4 7. Nxd4 Bd7 8. Bxc6 bxc6 9. O-O Bc5 10. f3 Ng5 11. f4 Ne4 12. Be3 Bb6 13. Nc3 Nxc3 14. bxc3 c5 15. Nb3 c4 16. Bxb6 axb6 17. Nd4 c5 18. e6 fxe6 19. Qh5+ Ke7 20. Nf3 Qf8 21. Rfe1 Kd6 22. Rab1 Rb8 23. Ne5 g6 24. Qe2 Qf6 25. g3 Kc7 26. Qe3 h6 27. Nf3 Rhf8 28. Kg2 Ra8 29. Rb2 Ra3 30. Ne5 Bc8 31. Rxb6 d4 32. Qe4 Ra7 33. Qc6+ Kd8 34. Qd6+ Ke8 35. Rb8 Qd8 36. Qc6+ Ke7 37. Nxg6+ Kf7 38. Nxf8 Rc7 39. Nxe6 1-0

[Event "44th Chess Olympiad Women 2022"]
[Site "Chennai"]
[Date "2022.08.02"]
[Round "5.31"]
[White "Hng, Mei-Xian Eunice"]
[Black "Mahmoud, Roula"]
[Result "1/2-1/2"]
[ECO "B21"]
[WhiteElo "1823"]
[BlackElo "1765"]
[Annotator "NA RC COMBH"]
[PlyCount "119"]
[EventDate "2022.07.29"]
[EventType "team-tourn"]
[EventCountry "IND"]
[SourceTitle "playchess.com"]
[Source "ChessBase"]
[SourceQuality "1"]
[WhiteTeam "SGP"]
[BlackTeam "Syria"]
[BlackTeamCountry "SYR"]
[TimeControl "40/5400+30:1800+30"]

1. e4 c5 2. d4 cxd4 3. c3 dxc3 4. Nxc3 e6 5. Bc4 Nc6 6. Nf3 a6 7. O-O Nge7 8. a4 Ng6 9. Be3 Bb4 10. Nd4 O-O 11. f4 Bxc3 12. bxc3 d5 13. exd5 exd5 14. Bd3 Re8 15. Nxc6 bxc6 16. Bd4 f6 17. Qh5 Nf8 18. Bc5 g6 19. Qh6 Qc7 20. f5 Qg7 21. Qf4 Nd7 22. Bd4 c5 23. Qd6 cxd4 24. Qxd5+ Qf7 25. Qxa8 Ne5 26. fxg6 hxg6 27. Bxa6 Bf5 28. Qb7 dxc3 29. Qxf7+ Kxf7 30. Rac1 c2 31. Rxf5 gxf5 32. Rxc2 Ng4 33. Bc4+ Kg6 34. Be2 Ne3 35. Ra2 Nd5 36. Bb5 Re3 37. Kf2 f4 38. Rd2 Nc3 39. Bc6 f5 40. Rc2 Nd1+ 41. Kf1 Ra3 42. Ke2 Nc3+ 43. Kd2 Nxa4 44. Rc4 Ra2+ 45. Kc1 Nb2 46. Rxf4 Nd3+ 47. Kb1 Rb2+ 48. Ka1 Rxg2 49. Bxg2 Nxf4 50. Bb7 Nh5 51. Kb2 f4 52. Kc2 Kg5 53. Kd2 Nf6 54. Ke1 Ng4 55. h3 Ne5 56. Kf1 Kh4 57. Kg2 Nd3 58. Kf3 Kxh3 59. Be4 Nc5 60. Kxf4 1/2-1/2

[Event "44th Chess Olympiad Women 2022"]
[Site "Chennai"]
[Date "2022.08.02"]
[Round "5.31"]
[White "Ahmad Murad, Fatema Alzahraa."]
[Black "Hng, Mei-En Emmanuelle"]
[Result "0-1"]
[ECO "A70"]
[WhiteElo "1791"]
[BlackElo "1997"]
[Annotator "NA RC"]
[PlyCount "82"]
[EventDate "2022.07.29"]
[EventType "team-tourn"]
[EventCountry "IND"]
[SourceTitle "playchess.com"]
[Source "ChessBase"]
[SourceQuality "1"]
[WhiteTeam "Syria"]
[BlackTeam "SGP"]
[WhiteTeamCountry "SYR"]
[TimeControl "40/5400+30:1800+30"]

1. d4 Nf6 2. Nf3 e6 3. c4 c5 4. d5 exd5 5. cxd5 d6 6. Nc3 g6 7. e4 Bg7 8. h3 O-O 9. Bd3 Re8 10. O-O a6 11. a4 Nbd7 12. Re1 Qc7 13. Qc2 b6 14. Bf4 Bb7 15. Rac1 Nh5 16. Bh2 c4 17. Nb1 b5 18. axb5 axb5 19. b3 Nc5 20. bxc4 b4 21. g4 b3 22. Qe2 f5 23. e5 fxg4 24. hxg4 Nf6 25. Nc3 Nxg4 26. Nb5 Qb6 27. Nxd6 Nxd3 28. Qxd3 Qxf2+ 29. Kh1 Nxh2 30. Nxh2 Ra2 31. Qh3 Rxe5 32. Rxe5 Qxh2+ 33. Qxh2 Rxh2+ 34. Kxh2 Bxe5+ 35. Kh3 Bxd6 36. c5 b2 37. Rb1 Bxc5 38. Rxb2 Bxd5 39. Rb5 Be6+ 40. Kg3 Bd6+ 41. Kf3 Kf7 0-1

[Event "44th Chess Olympiad Women 2022"]
[Site "Chennai"]
[Date "2022.08.02"]
[Round "5.32"]
[White "Gomez Barrera, Javiera Belen"]
[Black "Mwango, Lorita"]
[Result "1-0"]
[ECO "B12"]
[WhiteElo "2210"]
[BlackElo "1920"]
[Annotator "NA RC"]
[PlyCount "57"]
[EventDate "2022.07.29"]
[EventType "team-tourn"]
[EventCountry "IND"]
[SourceTitle "playchess.com"]
[Source "ChessBase"]
[SourceQuality "1"]
[WhiteTeam "Chile"]
[BlackTeam "Zambia"]
[WhiteTeamCountry "CHI"]
[BlackTeamCountry "ZAM"]
[TimeControl "40/5400+30:1800+30"]

1. e4 c6 2. d4 d5 3. e5 Bf5 4. Nc3 e6 5. g4 Bg6 6. Nge2 h6 7. h4 c5 8. f4 h5 9. f5 exf5 10. Nf4 fxg4 11. Nxg6 fxg6 12. Bg5 Ne7 13. Nb5 Qa5+ 14. c3 Qb6 15. dxc5 Qxc5 16. Qb3 Kd7 17. O-O-O Nbc6 18. Bg2 a6 19. Nd6 b5 20. Bxd5 Kc7 21. Bg2 Rd8 22. Nf7 Rxd1+ 23. Rxd1 Rh7 24. Qe6 Nb8 25. Qd6+ Qxd6 26. exd6+ Kc8 27. dxe7 Bxe7 28. Bxe7 Nd7 29. Be4 1-0

[Event "44th Chess Olympiad Women 2022"]
[Site "Chennai"]
[Date "2022.08.02"]
[Round "5.32"]
[White "Toro Pradenas, Maria Jose"]
[Black "Mbatha, Constance"]
[Result "1-0"]
[ECO "C66"]
[WhiteElo "1945"]
[BlackElo "1614"]
[Annotator "TA"]
[PlyCount "127"]
[EventDate "2022.07.29"]
[EventType "team-tourn"]
[EventCountry "IND"]
[SourceTitle "playchess.com"]
[Source "ChessBase"]
[SourceQuality "1"]
[WhiteTeam "Chile"]
[BlackTeam "Zambia"]
[WhiteTeamCountry "CHI"]
[BlackTeamCountry "ZAM"]
[TimeControl "40/5400+30:1800+30"]

1. e4 e5 2. Nf3 Nc6 3. Bb5 Nf6 4. O-O Be7 5. Re1 d6 6. c3 Bd7 7. d4 exd4 8. cxd4 a6 {[%emt 0:00:28] C66: Ruy Lopez: Steinitz Defence.} 9. Bd3 O-O 10. Nc3 Bg4 {[%emt 0:03:21] White is better.} 11. Be3 Re8 12. h3 Bh5 {[%emt 0:02:34] [#]} 13. d5 $146 (13. Rc1 $16) ({Predecessor:} 13. Rc1 Qd7 14. Bb1 Rad8 15. a3 h6 16. Qe2 Nh7 17. Nd5 Bg5 18. Rcd1 Bxe3 19. Qxe3 {½-½ (78) Mir Wais,M (1530)-Strathoff,J (1319) Muelheim 2002}) 13... Ne5 14. Be2 Qc8 15. Nd4 Bxe2 16. Qxe2 Bf8 17. Rac1 Ng6 (17... c5 $14 {was preferrable.}) 18. f3 h6 19. Na4 {[%emt 0:08:08] Threatens to win with Nb6.} Qd7 20. Qc2 Rac8 21. Qb3 Rb8 22. Rc2 {[%emt 0:02:56] 0x0.0023641e5acbdp-1022s more active pieces.} c5 $2 {[%emt 0:13:37] [#]} (22... Nh5 $14) 23. dxc6 $1 $18 bxc6 24. Nb6 Rxb6 25. Qxb6 c5 26. Nb3 ({And not} 26. Qxa6 cxd4 27. Bxd4 Nd5 $11) 26... Re6 (26... Ne5 $142 27. Qxa6 c4) 27. Qa5 Ne5 28. Rd1 Qc8 29. Bf4 Nc6 30. Qc3 Qa8 31. Rcd2 Ne8 32. Na5 Nd4 33. Be3 Nb5 (33... d5 $142 34. Bxd4 cxd4 35. Rxd4 (35. Qxd4 dxe4 36. fxe4 Rxe4 $18) 35... dxe4 36. Rxe4 Rxe4) 34. Qb3 Rg6 35. a4 Nbc7 36. Bf2 Ne6 37. Be3 $2 {[%emt 0:00:28] Prevents Nf4.} ({White should play} 37. Qb7 $18 Qxb7 38. Nxb7) 37... Qd8 (37... N6c7 $1 $11 {and Black has nothing to worry.} 38. Nc4 Qc8) 38. Nc4 Ng5 39. Bxg5 Qxg5 40. Qe3 Qh4 41. Kf1 Re6 42. Qf2 Qf6 43. Nb6 Qe7 44. Qe2 Qb7 45. Nd5 Kh8 46. Re1 Qc6 47. Qc4 Qb7 48. b4 cxb4 49. Qxb4 Qc6 50. Rd3 Rg6 (50... Kh7 $142 51. Rc3 Qd7) 51. Rc3 Qd7 52. Qc4 Kh7 53. Qxa6 Nf6 54. Nxf6+ gxf6 55. Rc8 Bg7 56. Qc6 Qa7 57. Qe8 {[%emt 0:01:30][%csl Gc8][%cal Re8g8] [#]} Rg5 58. f4 Rc5 59. Qg8+ {[%emt 0:00:49] White mates.} Kg6 60. f5+ Kg5 61. Qxg7+ Kf4 62. Qg4+ Ke5 63. Qg3+ Kd4 64. Qxd6+ {[%emt 0:00:05] Weighted Error Value: White=0.25 (precise) /Black=0.51} 1-0

[Event "44th Chess Olympiad Women 2022"]
[Site "Chennai"]
[Date "2022.08.02"]
[Round "5.32"]
[White "Bwalya Mulwale, Lubuuto"]
[Black "Reyes Jara, Paula"]
[Result "0-1"]
[ECO "E92"]
[WhiteElo "1751"]
[BlackElo "1858"]
[Annotator "NA RC COMBH"]
[PlyCount "86"]
[EventDate "2022.07.29"]
[EventType "team-tourn"]
[EventCountry "IND"]
[SourceTitle "playchess.com"]
[Source "ChessBase"]
[SourceQuality "1"]
[WhiteTeam "Zambia"]
[BlackTeam "Chile"]
[WhiteTeamCountry "ZAM"]
[BlackTeamCountry "CHI"]
[TimeControl "40/5400+30:1800+30"]

1. d4 Nf6 2. c4 g6 3. Nc3 Bg7 4. e4 d6 5. Nf3 O-O 6. Be2 e5 7. dxe5 dxe5 8. Qd4 Qd7 9. Qxd7 Re8 10. Qd8 Rxd8 11. Bg5 Re8 12. h3 c6 13. O-O Na6 14. Rfd1 Nc5 15. Bxf6 Bxf6 16. b4 Ne6 17. b5 Nd4 18. Bf1 Bxh3 19. Nxd4 exd4 20. Na4 cxb5 21. cxb5 Be6 22. Bd3 b6 23. Rd2 Bg5 24. Re2 Rac8 25. Nb2 Rc7 26. a4 Rec8 27. Ree1 Bd2 28. Re2 Bc3 29. f3 h5 30. Kf2 Kf8 31. Rb1 Bb3 32. Ra1 Ke7 33. f4 Bb4 34. f5 Rc1 35. Rxc1 Rxc1 36. fxg6 fxg6 37. e5 g5 38. Bg6 Rh1 39. Bc2 Be6 40. Be4 Bc3 41. Rc2 Ra1 42. Bg6 h4 43. Ke2 Bb3 0-1

[Event "44th Chess Olympiad Women 2022"]
[Site "Chennai"]
[Date "2022.08.02"]
[Round "5.32"]
[White "Phiri Bertha"]
[Black "Sanchez Tobar, Francisca Valenti"]
[Result "0-1"]
[ECO "C77"]
[WhiteElo "1606"]
[BlackElo "1839"]
[Annotator "NA RC COMBH"]
[PlyCount "116"]
[EventDate "2022.07.29"]
[EventType "team-tourn"]
[EventCountry "IND"]
[SourceTitle "playchess.com"]
[Source "ChessBase"]
[SourceQuality "1"]
[WhiteTeam "Zambia"]
[BlackTeam "Chile"]
[WhiteTeamCountry "ZAM"]
[BlackTeamCountry "CHI"]
[TimeControl "40/5400+30:1800+30"]

1. e4 e5 2. Nc3 Nf6 3. Nf3 Nc6 4. Bb5 a6 5. Ba4 Bc5 6. d3 h6 7. h3 d6 8. a3 b5 9. Bb3 Be6 10. Ba2 O-O 11. O-O Qd7 12. Kh2 d5 13. exd5 Nxd5 14. Nxd5 Bxd5 15. Bxd5 Qxd5 16. Be3 Bd6 17. Kg1 Rad8 18. Nh2 e4 19. f4 Rfe8 20. d4 Be7 21. c3 Na5 22. Qe2 Qc4 23. Rf2 Bh4 24. g3 Bxg3 25. Rg2 Qxe2 26. Rxe2 Nc4 27. Rf1 f5 28. Kg2 Bh4 29. Rg1 c5 30. Rd1 Re6 31. Nf1 Rg6+ 32. Kh2 Rgd6 33. Rg2 Kf7 34. Rc1 cxd4 35. Bxd4 Bf6 36. Ne3 Bxd4 37. Nxf5 Bf6 38. Nxd6+ Rxd6 39. Re1 Nd2 40. Ree2 Nf3+ 41. Kg3 Rd3 42. Kg4 g6 43. f5 gxf5+ 44. Kxf5 Nh4+ 45. Kxe4 Nxg2 46. Rxg2 Rxh3 47. Kd5 h5 48. Kc6 Re3 49. a4 bxa4 50. Kb6 a3 51. bxa3 Rxc3 52. Ra2 Rb3+ 53. Kxa6 Bb2 54. a4 h4 55. a5 Rb4 56. Ka7 h3 57. a6 h2 58. Ra5 Bd4+ 0-1

[Event "44th Chess Olympiad Women 2022"]
[Site "Chennai"]
[Date "2022.08.02"]
[Round "5.33"]
[White "Otazo Sanchez, Annyd Gabriela"]
[Black "Banda Natalie Katlo"]
[Result "1/2-1/2"]
[ECO "B13"]
[WhiteElo "1932"]
[BlackElo "1688"]
[Annotator "TA"]
[PlyCount "156"]
[EventDate "2022.07.29"]
[EventType "team-tourn"]
[EventCountry "IND"]
[SourceTitle "playchess.com"]
[Source "ChessBase"]
[SourceQuality "1"]
[WhiteTeam "Venezuela"]
[BlackTeam "Botswana"]
[WhiteTeamCountry "VEN"]
[BlackTeamCountry "BOT"]
[TimeControl "40/5400+30:1800+30"]

1. e4 c6 2. d4 d5 3. exd5 cxd5 4. Bd3 Nf6 5. Bf4 Bg4 6. Nf3 {[%emt 0:00:32] B13: Caro-Kann: Exchange Variation and Panov-Botvinnik Attack.} Bxf3 7. Qxf3 {[%emt 0:00:33] [#]} (7. gxf3 e6 $15) 7... Qb6 $146 (7... Nc6 $14) ({Predecessor:} 7... e6 8. Nd2 Qb6 9. Nb3 Bd6 10. Qg3 Bxf4 11. Qxf4 Nbd7 12. c3 a6 13. O-O O-O {0-1 (26) Chuva Brito,A (1373)-Guerrero Cueva,J (399) Chess.com INT 2020}) 8. Nc3 $16 {[%emt 0:09:18] Active counter play! White is better.} Nc6 9. O-O (9. Nxd5 $16 Nxd5 10. Qxd5) 9... Nxd4 $11 10. Qe3 (10. Qh3 $5 ) 10... Nc6 $36 {[%emt 0:10:35][%cal Bd4c6,Bc6b4,Bb4c2][%mdl 2080] Black is pushing. Pair of Knights!} 11. Qxb6 axb6 12. Nb5 Kd7 13. Be3 ({White should try} 13. a3 $14) 13... Nb4 14. Be2 ({Avoid the trap} 14. Bxb6 $2 Nxd3 15. cxd3 Kc6 $19) 14... Nxc2 15. Rac1 Nxe3 16. Rc7+ Kd8 17. fxe3 Rxa2 ({Better is} 17... g6 $11) 18. Rxb7 $14 Rxb2 $2 {[%emt 0:00:48][%mdl 8192] [#]} (18... e6 $16) 19. Rc1 $1 {[%emt 0:09:00][%cal Oc1c7] Intending Rcc7! and mate.} Ne8 {[%emt 0:05:40] [#] Prevents Rcc7.} (19... Rxe2 {gets mated.} 20. Rcc7 Re1+ 21. Kf2) 20. Bg4 e6 {[%emt 0:01:33] [#]} 21. Bxe6 $2 fxe6 $17 22. Nd4 {[%emt 0:00:03][%cal Rd4e6] [#]} Bc5 $1 (22... Nd6 23. Nxe6+ Ke8 24. Ra7 $11) 23. Nxe6+ $2 (23. Rxc5 $17 {was the crucial defense.} bxc5 24. Nxe6+ Kc8 25. Rxb2) 23... Kc8 $19 24. Nxc5 {[%emt 0:00:06] [#]} Rb5 $1 25. Ra1 Rxc5 26. Rxb6 Nc7 27. Rf1 Rb5 28. Rxb5 Nxb5 {[%emt 0:00:19][%mdl 4096] Endgame KRN-KR} 29. Rf7 Rg8 30. Kf2 Nd6 31. Ra7 {[%emt 0:00:28] Ra8+ is the strong threat.} Rf8+ 32. Ke2 {[%emt 0:00:29] aiming for Ra8+.} Rf7 33. Ra5 Ne4 34. Kd3 Rd7 35. Kd4 Nf6 36. h3 Kb7 37. g4 h6 38. Ra3 Re7 39. Rb3+ Kc6 40. Rb8 Re4+ 41. Kd3 Nxg4 42. hxg4 Rxg4 {[%emt 0:00:05] KR-KR} 43. Ke2 h5 44. Kf3 g6 45. Rf8 Kd6 46. Rh8 Ke5 47. Re8+ Kf6 48. Rf8+ Ke7 49. Rg8 Kd7 50. Rg7+ Kc6 51. Rg8 (51. Ra7 $142 Rg1 52. Rh7) 51... Kc5 52. Rc8+ Kb5 53. Rc7 g5 54. Rh7 (54. Rg7 $142 Kc4 55. Rc7+ Kb4 56. Rg7) 54... Rh4 55. Kg3 Kc4 {[%emt 0:00:00] Strongly threatening ...Re4.} 56. Rd7 Re4 57. Kf2 h4 58. Rc7+ Kd3 59. Ra7 g4 60. Ra3+ Kc4 61. Ra4+ Kb5 62. Ra8 g3+ 63. Kf3 Kc4 (63... h3 $142 64. Kxg3 Rxe3+ 65. Kf2 d4) 64. Rd8 Re7 65. Rh8 Rf7+ 66. Kg2 Rf2+ 67. Kg1 Rh2 68. Rh5 d4 69. exd4 Kxd4 70. Rh8 Ke4 71. Rf8 h3 $2 (71... Rc2 {mates} 72. Ra8 h3 73. Ra1 Kd3 74. Rd1+ Ke2 75. Rb1 Rd2 76. Rf1 Rd1 77. Rxd1 Kxd1 78. Kf1 Kd2 79. Kg1 Ke2 80. Kh1 Ke1 81. Kg1 g2 82. Kh2 Kf2 83. Kxh3 g1=Q 84. Kh4 Qg6 85. Kh3 Qh5#) 72. Rg8 {[%emt 0:00:58] The position is equal.} Rg2+ 73. Kh1 Kf3 74. Rf8+ Ke2 75. Re8+ $1 Kd3 (75... Kf1 $5 76. Re1+ Kf2 77. Re2+ Kf1 78. Re1+ Kf2 79. Re2+ Kf3 80. Rxg2 hxg2+ 81. Kg1 Kg4 $11) 76. Rd8+ Ke4 (76... Kc2 $5 77. Rc8+ Kd3 78. Rd8+ Ke4 79. Re8+ Kf4 80. Rf8+ Ke5 81. Rf5+ Ke4 82. Re5+ Kf4 83. Rf5+ Ke4 84. Rf4+ Ke3 85. Rf3+ Ke4 86. Re3+ Kf4 87. Re4+ Kf3 88. Rf4+ Ke2 89. Re4+ Kf2 90. Re2+ Kf1 91. Re1+ Kf2 92. Re2+ Kf3 93. Rxg2 hxg2+ 94. Kg1 Kg4 $11) 77. Rd4+ Ke5 {[%emt 0:00:00] ( -> ...Rh2+)} 78. Rd5+ Kxd5 {[%emt 0:00:00] Black had all chances to win.  Weighted Error Value: White=0.65/Black=0.22 (precise)} 1/2-1/2

[Event "44th Chess Olympiad Women 2022"]
[Site "Chennai"]
[Date "2022.08.02"]
[Round "5.33"]
[White "Matute Escobar, Roxanny"]
[Black "Moshoboro Arona"]
[Result "1-0"]
[ECO "C02"]
[WhiteElo "1834"]
[BlackElo "1611"]
[Annotator "NA RC COMBH"]
[PlyCount "75"]
[EventDate "2022.07.29"]
[EventType "team-tourn"]
[EventCountry "IND"]
[SourceTitle "playchess.com"]
[Source "ChessBase"]
[SourceQuality "1"]
[WhiteTeam "Venezuela"]
[BlackTeam "Botswana"]
[WhiteTeamCountry "VEN"]
[BlackTeamCountry "BOT"]
[TimeControl "40/5400+30:1800+30"]

1. e4 e6 2. d4 d5 3. e5 Bd7 4. Nf3 a6 5. Bd3 Bb5 6. O-O Ne7 7. b3 Bxd3 8. Qxd3 Nf5 9. c4 c6 10. Nc3 Nd7 11. cxd5 cxd5 12. Nxd5 Nxe5 13. dxe5 Qxd5 14. Qxd5 exd5 15. Rd1 Rd8 16. Bg5 Be7 17. Rac1 Bxg5 18. Nxg5 h6 19. Nf3 Ne7 20. Nd4 Kd7 21. f4 Rc8 22. f5 Rxc1 23. Rxc1 Nc6 24. Nf3 Rd8 25. Kf2 Nb4 26. Rd1 Ke7 27. Rd2 d4 28. Nxd4 Nxa2 29. f6+ Kf8 30. Ne6+ fxe6 31. Rxd8+ Kf7 32. Rd7+ Kg6 33. Rxg7+ Kf5 34. f7 Kxe5 35. f8=Q Kd5 36. Rd7+ Ke5 37. Ke3 b6 38. Qf4# 1-0

[Event "44th Chess Olympiad Women 2022"]
[Site "Chennai"]
[Date "2022.08.02"]
[Round "5.33"]
[White "Besa, Masaiti"]
[Black "Varela La Madrid, Tilsia Carolina"]
[Result "0-1"]
[ECO "D02"]
[WhiteElo "1745"]
[BlackElo "2079"]
[Annotator "NA RC"]
[PlyCount "62"]
[EventDate "2022.07.29"]
[EventType "team-tourn"]
[EventCountry "IND"]
[SourceTitle "playchess.com"]
[Source "ChessBase"]
[SourceQuality "1"]
[WhiteTeam "Botswana"]
[BlackTeam "Venezuela"]
[WhiteTeamCountry "BOT"]
[BlackTeamCountry "VEN"]
[TimeControl "40/5400+30:1800+30"]

1. d4 d5 2. Bf4 Nf6 3. Nf3 Bf5 4. e3 e6 5. Nbd2 Nbd7 6. c3 c5 7. Ne5 Qb6 8. Qc1 Nxe5 9. Bxe5 Nd7 10. Bg3 Rc8 11. Nf3 Be7 12. Be2 O-O 13. Nh4 Bxh4 14. Bxh4 e5 15. dxc5 Nxc5 16. Qd2 Ne4 17. Qc1 Qh6 18. Be7 Rfe8 19. Bb4 Qg6 20. g4 Bxg4 21. Rg1 Qf6 22. Rxg4 Qxf2+ 23. Kd1 Qxh2 24. Rxe4 dxe4 25. c4 Red8+ 26. Bd2 Rc7 27. Ke1 Qg3+ 28. Kd1 Qxe3 29. Ke1 Qg3+ 30. Kd1 e3 31. Qc3 Rxd2+ 0-1

[Event "44th Chess Olympiad Women 2022"]
[Site "Chennai"]
[Date "2022.08.02"]
[Round "5.33"]
[White "Otisitswe Ruth"]
[Black "Rovira Contreras, Tairu Manuela"]
[Result "0-1"]
[ECO "C56"]
[WhiteElo "1552"]
[BlackElo "2036"]
[Annotator "NA RC"]
[PlyCount "104"]
[EventDate "2022.07.29"]
[EventType "team-tourn"]
[EventCountry "IND"]
[SourceTitle "playchess.com"]
[Source "ChessBase"]
[SourceQuality "1"]
[WhiteTeam "Botswana"]
[BlackTeam "Venezuela"]
[WhiteTeamCountry "BOT"]
[BlackTeamCountry "VEN"]
[TimeControl "40/5400+30:1800+30"]

1. e4 e5 2. Nf3 Nc6 3. d4 exd4 4. Bc4 Nf6 5. e5 d5 6. Bb5 Ne4 7. Nxd4 Bd7 8. Bxc6 bxc6 9. O-O Bc5 10. f3 Ng5 11. f4 Ne4 12. Be3 Rb8 13. b3 Qh4 14. Qe1 Qh5 15. Nf3 Bb6 16. c4 O-O 17. Nc3 Ba5 18. Bd2 Nxd2 19. Qxd2 Rfd8 20. cxd5 cxd5 21. Qb2 Bc6 22. Nd4 Bb6 23. Na4 Bxa4 24. bxa4 Qg6 25. Qd2 Qe4 26. Rad1 Bxd4+ 27. Qxd4 Qxd4+ 28. Rxd4 c5 29. Rd3 Kf8 30. Rfd1 d4 31. Rc1 Rbc8 32. Rc4 Ke7 33. Kf2 Ke6 34. Rd1 Kd5 35. Rdc1 Re8 36. a5 Rc6 37. a6 Rb8 38. R1c2 Rbb6 39. Ra4 Rxa6 40. Rxa6 Rxa6 41. Kf3 d3 42. Rd2 Kd4 43. f5 Rb6 44. g4 c4 45. h4 c3 46. Rd1 c2 47. Re1 d2 48. Re4+ Kd5 49. e6 d1=Q+ 50. Kf4 c1=Q+ 51. Kg3 Qg1+ 52. Kf3 Qcf1# 0-1